AoeStats
← tabinoko

Black Forest

510323589Analyzed
4v4 RM · 23h ago on Sep 30, 2026· 59m 15s· 8 players
Game mode
Random Map
Map size
Large (8 player)
Population
200
Speed
Normal
Resources
Standard
Victory
Conquest
Starting age
Dark Age
Ending age
Imperial Age
RankedLock teamsTeams togetherTeam positionsShared explorationLock speedFull tech treeHidden civsTurbo modeCheats
Victory
Defeat
🇫🇮 Britons · Finland
780
+16
🇦🇺 Celts · Australia
761
+17
🇫🇮 Danes · Finland
741
+18
🇫🇮 Portuguese · Finland
728
+19
🇯🇵 Khmer · Japan
813
-19
🇻🇪 Franks · Venezuela
806
-18
🇺🇸 Romans · United States
804
-18
🇮🇹 Bohemians · Italy
721
-15
JAVIXVZLA
0:29 Loom
11:50 Feudal Age
13:18 Double-Bit Axe
13:41 Horse Collar
18:08 Gold Mining
18:19 Stone Mining
20:42 Castle Age
20:02 Scale Barding Armor
19:58 Scale Mail Armor
20:10 Forging
22:18 Bow Saw
22:12 Heavy Plow
23:02 Gold Shaft Mining
22:42 Town Watch
24:07 Wheelbarrow
25:33 Hand Cart
29:13 Man-at-Arms
29:59 Long Swordsman
30:08 Long Swordsman
30:49 Squires
30:10 Pikeman
30:14 Light Cavalry
31:04 Bloodlines
32:27 Ballistics
33:12 Iron Casting
32:53 Chain Mail Armor
32:59 Chain Barding Armor
37:31 Imperial Age
36:22 Town Patrol
37:39 Heavy Scorpion
37:45 Legionary
38:49 Ballistas
39:14 Conscription
39:44 Crop Rotation
41:15 Chemistry
40:21 Siege Engineers
42:45 Plate Barding Armor
44:59 Comitatenses
44:01 Elite Centurion
51:06 Halberdier
55:08 Caravan
55:39 Coinage
55:20 Guilds
tabinoko
11:09 Feudal Age
12:33 Wheelbarrow
15:48 Fishing Lines
19:39 Double-Bit Axe
27:19 Castle Age
25:20 Gold Mining
28:38 Hand Cart
29:05 Bow Saw
28:55 Horse Collar
29:20 Caravan
30:51 Gillnets
32:19 Heavy Plow
32:43 Town Watch
35:55 Imperial Age
34:24 Town Patrol
35:26 Gold Shaft Mining
34:48 Stone Mining
37:14 Crop Rotation
36:59 Padded Archer Armor
36:50 Fletching
37:10 Forging
37:00 Scale Mail Armor
37:07 Scale Barding Armor
37:03 Light Cavalry
37:54 Bloodlines
37:44 Husbandry
37:07 Pikeman
37:09 Elite Skirmisher
40:09 Stone Shaft Mining
40:08 Murder Holes
40:24 Fortified Wall
40:20 Siege Engineers
41:16 Chemistry
40:38 Ballistics
40:29 Masonry
41:10 Leather Archer Armor
40:51 Bodkin Arrow
41:31 Iron Casting
41:17 Chain Barding Armor
41:13 Chain Mail Armor
41:40 Coinage
42:04 Conscription
42:19 Double Crossbow
42:05 Cavalier
42:10 Man-at-Arms
43:06 Elite Ballista Elephant
44:40 Tusk Swords
44:10 Heavy Scorpion
46:59 Plate Barding Armor
46:32 Long Swordsman
50:51 Banking
50:27 Bracer
50:58 Ring Archer Armor
51:28 Blast Furnace
50:45 Hussar
DogeDogOfVenice
0:28 Loom
12:30 Feudal Age
18:00 Castle Age
16:11 Double-Bit Axe
16:08 Horse Collar
21:35 Bow Saw
30:43 Wheelbarrow
32:31 Heavy Plow
32:40 Caravan
37:49 Imperial Age
36:19 Wagenburg Tactics
38:04 Chemistry
38:08 Padded Archer Armor
38:00 Fletching
38:13 Scale Mail Armor
39:41 Two-Man Saw
38:04 Demolition Ship
38:27 Fishing Lines
39:13 Ballistics
39:19 Leather Archer Armor
39:10 Scale Barding Armor
39:21 Town Watch
40:07 Hand Cart
39:50 Gillnets
40:19 Masonry
40:40 Conscription
40:38 Onager
43:12 Guard Tower
42:52 Houfnice
43:48 Hussite Reforms
44:21 Ring Archer Armor
43:47 Bodkin Arrow
44:08 Chain Mail Armor
44:04 Forging
44:27 Town Patrol
44:20 Elite Skirmisher
44:21 Crossbowman
46:16 Bracer
46:16 Cavalier
46:56 Husbandry
46:17 Light Cavalry
47:20 Chain Barding Armor
47:16 Chain Mail Armor
47:36 Iron Casting
47:52 Coinage
47:49 Guilds
49:35 Keep
49:32 Architecture
49:07 Siege Engineers
53:19 Arbalester
54:06 Elite Hussite Wagon
brunox.acosta
0:35 Loom
11:40 Feudal Age
13:20 Double-Bit Axe
21:59 Castle Age
21:44 Stone Mining
21:45 Gold Mining
25:04 Bow Saw
27:45 Scale Mail Armor
27:53 Scale Barding Armor
28:00 Forging
27:54 Scale Mail Armor
29:02 Fletching
29:04 Town Watch
29:55 Wheelbarrow
31:34 Husbandry
31:59 Caravan
32:46 Hand Cart
36:46 Imperial Age
36:08 Chain Barding Armor
36:24 Iron Casting
36:08 Chain Mail Armor
35:58 Light Cavalry
37:16 Town Patrol
37:00 Ordonnance Companies
38:06 Conscription
38:28 Plate Barding Armor
38:06 Cavalier
39:39 Cranequins
40:28 Chivalry
39:50 Elite Throwing Axeman
41:54 Blast Furnace
41:26 Plate Mail Armor
41:20 Paladin
43:04 Heavy Mounted Crossbowman
45:09 Padded Archer Armor
45:06 Bodkin Arrow
46:43 Leather Archer Armor
46:35 Onager
Eemi8
12:24 Feudal Age
12:56 Double-Bit Axe
15:31 Horse Collar
21:17 Castle Age
20:43 Gold Mining
23:50 Arson
24:06 Squires
30:23 Imperial Age
28:43 Wheelbarrow
29:30 Bow Saw
31:14 Scale Mail Armor
31:24 Forging
31:05 Fletching
31:42 Ballistics
31:32 Heavy Plow
31:56 Conscription
32:50 Hamask
33:26 Elite Jomsviking
37:41 Chain Mail Armor
41:58 Siege Engineers
42:37 Plate Mail Armor
42:43 Iron Casting
42:06 Bodkin Arrow
44:33 Hand Cart
45:11 Loom
45:39 Fishing Lines
PIGGA
0:33 Loom
11:14 Feudal Age
12:36 Wheelbarrow
13:22 Double-Bit Axe
13:19 Horse Collar
21:16 Castle Age
19:24 Stone Mining
22:21 Hand Cart
22:34 Heavy Plow
24:09 Bow Saw
28:08 Stone Shaft Mining
27:26 Gold Mining
29:07 Gold Shaft Mining
28:39 Fletching
29:00 Forging
28:51 Scale Mail Armor
30:46 Murder Holes
32:00 Iron Casting
31:41 Chain Mail Armor
33:05 Caravan
37:46 Imperial Age
35:02 Town Watch
36:26 Arson
36:28 Gambesons
36:06 Pikeman
36:49 Bodkin Arrow
39:19 Siege Engineers
40:15 Chemistry
39:36 Ballistics
40:19 Blast Furnace
39:50 Plate Mail Armor
39:46 Conscription
39:37 Furor Celtica
39:05 Heavy Scorpion
39:18 Halberdier
39:22 Capped Ram
40:18 Masonry
40:23 Fortified Wall
41:13 Onager
42:51 Siege Onager
45:25 Town Patrol
45:34 Devotion
44:58 Elite Woad Raider
45:31 Stronghold
Nahkakikkeli
10:24 Feudal Age
13:28 Double-Bit Axe
17:29 Castle Age
16:20 Horse Collar
21:20 Wheelbarrow
22:26 Heavy Plow
22:40 Bow Saw
24:34 Hand Cart
27:42 Forging
27:39 Scale Barding Armor
30:11 Bloodlines
30:04 Husbandry
29:25 Light Cavalry
34:02 Imperial Age
34:21 Chain Barding Armor
34:38 Iron Casting
37:49 Chemistry
36:56 Siege Engineers
36:51 Cavalier
38:29 Ballistics
39:06 Plate Barding Armor
39:32 Blast Furnace
39:23 Arquebus
39:44 Conscription
39:24 Treadmill Crane
40:09 Bombard Tower
42:11 Elite Organ Gun
45:16 Onager
Pingu
0:34 Loom
11:34 Feudal Age
12:26 Double-Bit Axe
15:14 Stone Mining
20:25 Castle Age
18:58 Horse Collar
19:15 Gold Mining
21:37 Bow Saw
26:40 Wheelbarrow
26:58 Fletching
27:59 Town Watch
28:39 Hand Cart
29:12 Bodkin Arrow
32:06 Imperial Age
30:59 Heavy Plow
32:05 Gold Shaft Mining
32:19 Treadmill Crane
34:42 Two-Man Saw
35:07 Pikeman
35:53 Bracer
35:54 Padded Archer Armor
36:37 Ballistics
37:17 Chemistry
38:48 Yeomen
37:53 Halberdier
39:35 Caravan
40:03 Elite Longbowman
41:18 Leather Archer Armor
42:27 Conscription
42:26 Squires
43:10 Warwolf
44:24 Ring Archer Armor
44:06 Forging
43:56 Scale Mail Armor
44:13 Siege Engineers
Connection lost

Rejoining the realm…

Still unreachable

The connection could not be restored.

Session expired

The server has moved on; the page needs a fresh start.